 Dungeon Crawl Stone Soup version 0.21.0-3-g78d12a8 (webtiles) character file.

311892 Monsterracer the End of an Era (level 20, 0/195 HPs)
             Began as a Demonspawn Fighter on Jan 14, 2018.
             Was the Champion of Qazlal.
             Killed by vampiric draining
             ... invoked by a vampire mage
              (5 damage)
             ... on level 1 of the Depths.
             The game lasted 01:02:30 (45142 turns).

Monsterracer the End of an Era (DsFi)              Turns: 45142, Time: 01:02:31

Health: 0/195      AC: 36    Str: 23    XL:     20   Next: 43%
Magic:  25/34      EV: 10    Int: 12    God:    Qazlal [******]
Gold:   1034       SH: 28    Dex: 16    Spells: 19/19 levels left

rFire    . . .     SeeInvis +   a - +9 broad axe (flame)
rCold    . . .     Gourm    .   U - +0 large shield
rNeg     . . .     Faith    .   q - +4 chain mail "Neokoo" {-Cast rPois Int+3}
rPois    +         Spirit   .   (helmet unavailable)
rElec    .         Reflect  .   r - +2 cloak
rCorr    .         Harm     .   k - +2 pair of gloves
MR       +....     NoCast   +   R - +2 pair of boots
Stlth    ..........             T - amulet of regeneration
HPRegen  0.82/turn              O - +5 ring of slaying
MPRegen  0.24/turn              S - +4 ring of slaying

@: sanguine armour, repel missiles
A: antennae 3, demonic guardian 2, robust 2, spiny 3, sanguine armour 2
}: 2/15 runes: decaying, gossamer
a: Upheaval, Elemental Force, Disaster Area, Renounce Religion


You were on level 1 of the Depths.
You worshipped Qazlal.
Qazlal was exalted by your worship.
You were very hungry.

You visited 8 branches of the dungeon, and saw 37 of its levels.
You also visited: Bailey, Ice Cave and Desolation.

You collected 3662 gold pieces.
You spent 2628 gold pieces at shops.

Inventory:

Hand Weapons
 a - a +9 broad axe of flaming (weapon)
 b - the +6 broad axe of Rimmiuv {chaos, rElec Int+2}
   (You acquired it on level 3 of the Lair of Beasts)

   Each time it hits an enemy it has a different, random effect.
   It affects your intelligence (+2).
   It insulates you from electricity.
Missiles
 N - 7 throwing nets (quivered)
Armour
 k - a +2 pair of gloves (worn)
 q - the +4 chain mail "Neokoo" (worn) {-Cast rPois Int+3}
   (You found it on level 5 of the Dungeon)

   It affects your intelligence (+3).
   It protects you from poison.
   It prevents spellcasting.
 r - a +2 cloak (worn)
 R - a +2 pair of boots (worn)
 U - a +0 large shield (worn)
Jewellery
 h - an uncursed ring of poison resistance {!d}
 D - an uncursed ring of protection from magic {!d}
 K - the ring of Itsubrall {Fire Str+6}
   (You found it on level 6 of the Lair of Beasts)

   [ring of fire]

   It enhances your fire magic.
   It affects your strength (+6).
   It protects you from fire.
   It makes you vulnerable to cold.
 O - a +5 ring of slaying (left hand)
 P - the ring "Nosomait" {+Fly Str+3 Dex+2 Stlth-}
   (You found it on level 1 of the Swamp)

   [ring of strength]

   It affects your strength (+3).
   It affects your dexterity (+2).
   It lets you fly.
   It makes you less stealthy.
 S - a +4 ring of slaying (right hand)
 T - an amulet of regeneration (around neck)
Wands
 u - a wand of flame (61)
 y - a wand of iceblast (34)
 B - a wand of scattershot (11)
 I - a wand of acid (9)
 L - a wand of clouds (8)
Scrolls
 g - 8 scrolls of blinking
 i - 23 scrolls of identify
 l - 4 scrolls of fog
 n - 12 scrolls of remove curse
 s - a scroll of silence
 t - 5 scrolls of enchant armour
 x - 3 scrolls of summoning {!r}
 z - 6 scrolls of magic mapping {!r}
 E - 15 scrolls of teleportation
 G - 4 scrolls of fear {!r}
Potions
 d - 6 potions of might
 e - 4 potions of curing
 j - 4 potions of cancellation
 m - 12 potions of heal wounds
 o - 2 potions of agility
 v - 3 potions of haste
 w - 7 potions of flight
 A - a potion of magic
 C - 6 potions of berserk rage {!q}
 F - 5 potions of ambrosia {!q}
 H - 3 potions of mutation {!q}
 J - 5 potions of lignification
 M - a potion of resistance
 Q - a potion of invisibility
Comestibles
 c - 71 rations


   Skills:
 * Level 15.4 Fighting
 - Level 18.0 Axes
 + Level 13.7 Armour
 + Level 6.9 Dodging
 + Level 13.8 Shields
 * Level 21.3 Invocations


You had 19 spell levels left.
You didn't know any spells.

Dungeon Overview and Level Annotations

Branches:
Dungeon (15/15)            Temple (1/1) D:4            Lair (6/6) D:10
  Swamp (4/4) Lair:4       Spider (4/4) Lair:3        Slime (0/5) Lair:5
    Orc (2/2) D:11            Elf (0/3) Orc:2        Vaults (4/5) D:14
  Crypt (0/3) Vaults:2     Depths (1/5) D:15

Altars:
Ashenzari
Cheibriados
Dithmenos
Elyvilon
Fedhas
Gozag
Hepliaklqana
Kikubaaqudgha
Makhleb
Nemelex Xobeh
Okawaru
Qazlal
Ru
Sif Muna
Trog
Uskayaw
Vehumet
Wu Jian
Xom
Yredelemnul
Zin
The Shining One
Jiyva

Shops:
D:7 *   D:9 =   D:15 *   Orc:2 *(=?   Vaults:1 [   Vaults:2 ?   Vaults:3 *}[?!


Innate Abilities, Weirdness & Mutations

You have a pair of large antennae on your head. (SInv)
A demonic guardian rushes to your aid.
You are very robust. (+20% HP)
You are completely covered in sharp spines.
When seriously injured, your bleeding wounds create thick armour. (AC +9)


Message History

The ogre mage is heavily wounded.
The blast of rubble hits the brown ugly thing.
The brown ugly thing is heavily wounded.
The brown ugly thing gurgles horribly!
The blast of rubble hits the ogre mage.
The ogre mage is almost dead.
The blast of rubble hits the two-headed ogre.
You kill the two-headed ogre!
Qazlal accepts your kill.
The blast of rubble hits the brown ugly thing.
You kill the brown ugly thing!
Qazlal accepts your kill.
The blast of rubble hits the two-headed ogre.
The two-headed ogre is almost dead.
The blast of rubble hits the ogre mage.
You kill the ogre mage!
Qazlal accepts your kill.
The cutting wind hits the brown ugly thing.
The brown ugly thing is moderately wounded.
The cutting wind hits the two-headed ogre.
The two-headed ogre is moderately wounded.
The blast of rubble hits the two-headed ogre.
You kill the two-headed ogre!
Qazlal accepts your kill.
You hear a horrible gurgling sound!
The brown ugly thing is struck by lightning.
You hear a horrible gurgling sound!
A vampire mage comes into view.
You now have 23/34 mp.
You slash the two-headed ogre! You burn the two-headed ogre.
The two-headed ogre is moderately wounded.
You slash the two-headed ogre! You burn the two-headed ogre.
You closely miss the brown ugly thing.
You block the two-headed ogre's attack. x2
The brown ugly thing is engulfed in freezing vapours.
The brown ugly thing is struck by your spines.
The brown ugly thing closely misses you.
The two-headed ogre is struck by your spines.
The two-headed ogre hits you but does no damage.
You block the two-headed ogre's attack.
You slash the two-headed ogre! You burn the two-headed ogre.
The two-headed ogre is severely wounded.
You slice the brown ugly thing!! You burn the brown ugly thing.
You kill the brown ugly thing!
Qazlal accepts your kill.
You slash the two-headed ogre! You burn the two-headed ogre.
You hear a horrible gurgling sound!
You block the two-headed ogre's attack. x2
You dice the two-headed ogre like an onion!!!
You burn the two-headed ogre.
You kill the two-headed ogre!
Qazlal accepts your kill.
You slice the two-headed ogre!! You burn the two-headed ogre.
You kill the two-headed ogre!
Qazlal accepts your kill.
You hear a horrible gurgling sound!
You slash the ettin! You burn the ettin.
The ettin is moderately wounded.
You hear a horrible gurgling sound! x2
You block the ettin's attack. x2
You completely miss the ettin.
The ettin is moderately wounded.
You block the ettin's attack. x2
You slash the ettin! You burn the ettin.
The ettin is heavily wounded.
You hear a horrible gurgling sound!
You block the ettin's attack. The ettin hits you with a dire flail!!
* * * LOW HITPOINT WARNING * * *
You take 17 damage, and have 43/195 hp.
You slice the ettin!! You burn the ettin!
You kill the ettin!
Qazlal accepts your kill.
An ugly thing and a stone giant come into view.
You completely miss the vampire mage.
The vampire mage is heavily damaged.
You block the vampire mage's attack. The vampire mage bites you.
* * * LOW HITPOINT WARNING * * *
The vampire mage draws strength from your injuries!
You take 1 damage, and have 42/195 hp.
You slice the vampire mage!! You burn the vampire mage.
The vampire mage is almost destroyed.
The stone giant throws a large rock.
The large rock is repelled.
Your shield and chain mail "Neokoo" prevent you from hitting the vampire mage.
The vampire mage is almost destroyed.
You hear a horrible gurgling sound!
The vampire mage gestures wildly while chanting.
The vampire mage flickers and vanishes for a moment.
The stone giant throws a large rock.
You block the large rock.
Your chain mail "Neokoo" prevents you from hitting the vampire mage.
The vampire mage is almost destroyed.
The vampire mage is infused with unholy energy.
* * * LOW HITPOINT WARNING * * *
The vampire mage draws life force from you and is healed!
The stone giant throws a large rock.
The large rock hits you!
* * * LOW HITPOINT WARNING * * *
You take 39 damage, and have 4/195 hp.
You hit the vampire mage. You burn the vampire mage.
The vampire mage is severely damaged.
You hear a horrible gurgling sound! x2
The vampire mage is infused with unholy energy.
You die...

#................
##.....u....#....#
##......)≈......./
#..≈≈....[.......
#.....)[......#
#.#....u.)....#
.....§§§..#..#
#...#..V)..†.#
≈......@3†..## ..
...##§§§§§### ...≈
#..§§§)######...≈
#....>))(.#.#...≈#
#.........^.C....≈#
#......≈..)..#...≈#
##...............≈#
#....≈.#........≈##
....#.#...)......≈##


You could see a stone giant, 2 ugly things, a vampire mage (invisible) and a
friendly sixfirhy.

Vanquished Creatures
  the Lernaean hydra (Swamp:4)
  Nikola (Spider:1)
  Rupert (Lair:3)
  2 liches
  2 thorn hunters
  2 tengu reavers
  Roxanne (Swamp:4)
  2 fire giants
  8 vault wardens
  Aizul (Swamp:4)
  The ghost of happinesssam the Brawler, an adept VSMo of Nemelex Xobeh (Spider:3)
  A deep elf sorcerer (Vaults:3)
  9 emperor scorpions
  2 frost giants
  A ghost moth (Spider:4)
  9 ironheart preservers
  6 entropy weavers
  A war gargoyle (Vaults:4)
  4 very ugly things
  9 stone giants
  A deep elf demonologist (Vaults:3)
  A vampire knight (Vaults:2)
  A deep elf annihilator (Vaults:3)
  2 spark wasps (Spider:3)
  4 ettins
  5 yaktaur captains
  A fire dragon (D:15)
  Josephine (Lair:4)
  16 hydras
  An ice dragon (Vaults:4)
  Harold (D:15)
  Erolcha (D:12)
  A rakshasa (Vaults:1)
  14 vault guards
  6 centaur warriors
  3 ghost crabs
  The ghost of asthiss the Carver, a novice MiFi of Trog (D:10)
  7 ogre magi
  26 two-headed ogres
  2 death knights
  A deep troll shaman (Vaults:4)
  3 alligators
  A queen ant (Lair:4)
  3 orc high priests (Orc:2)
  4 deep elf knights
  An unseen horror (Vaults:1)
  A spriggan druid (Swamp:3)
  5 deep trolls
  2 wizards (Vaults:1)
  3 flayed ghosts
  2 glowing orange brains
  11 swamp dragons
  Pikel (Temple)
  3 deep elf archers
  24 orc knights
  2 shambling mangroves
  16 orb spiders
  A phantasmal warrior (Vaults:4)
  4 harpies (Vaults:1)
  14 wolf spiders
  16 ironbrand convokers
  8 deep elf magi
  3 manticores
  6 orc sorcerers
  31 ugly things
  8 cyclopes
  2 elephants
  A guardian serpent (shapeshifter) (Depths:1)
  2 black mambas
  9 vault sentinels
  3 torpor snails
  2 ice statues (IceCv)
  A moth of wrath (Spider:2)
  A spiny frog (shapeshifter) (D:13)
  27 spiny frogs
  A gargoyle (D:15)
  2 efreet
  6 komodo dragons
  6 kobold demonologists
  25 yaktaurs
  A yaktaur (shapeshifter) (Vaults:3)
  14 demonic crawlers
  4 freezing wraiths
  A queen bee (Lair:3)
  A jumping spider (shapeshifter) (Vaults:2)
  2 polar bears (shapeshifter)
  21 hornets
  27 slime creatures
  5 trolls
  11 tyrant leeches
  26 jumping spiders
  11 blink frogs
  9 bog bodies
  12 hippogriffs
  4 saltlings (Vaults:3)
  2 dream sheep (Lair:2)
  A hippogriff (shapeshifter) (Vaults:2)
  2 stone giant simulacra
  A shadow (Swamp:3)
  4 spriggans
  2 water elementals (D:12)
  22 tarantellas
  4 wraiths
  89 redbacks
  3 wyverns
  10 basilisks
  30 yaks
  The ghost of Agrougrou the Skirmisher, an amateur BaFi (D:3)
  A golden eye (shapeshifter) (Vaults:1)
  2 hungry ghosts
  A human (shapeshifter) (Vaults:4)
  26 vampire mosquitoes
  Grum (D:8)
  Menkaure (D:4)
  19 swamp worms
  A naga (D:15)
  2 acid dragons
  6 soldier ants
  6 wargs
  9 water moccasins
  4 sky beasts
  7 porcupines
  11 swamp drakes
  A slave (D:4)
  8 ice beasts
  2 eyes of draining
  57 orc warriors
  6 necrophages
  4 phantoms
  8 wolves
  30 ogres
  7 boggarts
  16 centaurs
  A crocodile (shapeshifter) (Vaults:2)
  14 crocodiles
  8 big kobolds
  Blork the orc (D:4)
  2 wyvern zombies
  23 bullfrogs
  A gnoll sergeant (Orc:2)
  A wyvern skeleton (D:8)
  4 scorpions
  30 killer bees
  A human simulacrum (Vaults:2)
  A howler monkey (D:8)
  7 wights
  11 electric eels
  3 bullfrog zombies
  2 centaur zombies
  7 crimson imps
  18 orc priests
  6 hounds
  8 jellies
  3 centaur skeletons
  24 orc wizards
  4 bullfrog skeletons
  7 iguanas
  Ijyb (D:4)
  Natasha (thrice) (D:2)
  26 worker ants
  A hell rat (Lair:3)
  2 killer bee zombies (D:9)
  A hound zombie (D:9)
  2 hound skeletons (D:6)
  2 mummies (D:9)
  A worker ant zombie (D:9)
  13 adders
  12 gnolls
  2 shadow imps
  11 white imps
  3 oozes (D:6)
  An adder skeleton (D:4)
  A worm (D:4)
  7 leopard geckos
  118 orcs
  2 ball pythons
  A giant cockroach (D:1)
  24 goblins
  15 hobgoblins
  5 quokkas
  12 bats
  7 frilled lizards
  A jackal zombie (D:5)
  21 kobolds
  4 rats
  9 briar patches (Swamp:3)
  5 fungi
  5 plants
1482 creatures vanquished.

Vanquished Creatures (collateral kills)
  Mara (Swamp:4)
  Saint Roka (Orc:2)
  Arachne (Spider:2)
  Frances (D:12)
  A vault warden (Vaults:1)
  3 ironheart preservers
  2 very ugly things (Depths:1)
  An entropy weaver (Spider:2)
  A deep elf death mage (Vaults:2)
  3 hydras
  A peacekeeper (Vaults:3)
  2 two-headed ogres
  A death knight (Vaults:2)
  A deep troll earth mage (Vaults:1)
  An orc high priest (Orc:2)
  2 deep trolls (Vaults:1)
  A deep elf archer (Vaults:3)
  The ghost of MTVSty1e the Arsonist, a novice DrFE (D:6)
  An orc knight (Vaults:3)
  An orb spider (Spider:4)
  An orc sorcerer (Orc:2)
  3 wolf spiders
  10 ugly things
  3 elephants (Lair:5)
  A vault sentinel (Vaults:1)
  2 black mambas
  A torpor snail (Lair:2)
  8 spiny frogs
  2 komodo dragons
  A rime drake (Lair:3)
  3 yaktaurs
  3 jumping spiders
  A tyrant leech (Swamp:3)
  2 trolls
  A hornet (Vaults:1)
  A bog body (Swamp:3)
  11 blink frogs
  2 slime creatures
  A hippogriff (Lair:5)
  4 redbacks
  A yak (Lair:4)
  2 tarantellas
  4 wraiths (Lair:4)
  A vampire mosquito (Lair:6)
  2 basilisks
  5 soldier ants (Lair:4)
  A swamp worm (Swamp:1)
  An acid dragon (shapeshifter) (D:14)
  A water moccasin (Lair:5)
  Duvessa (D:7)
  A sky beast (D:9)
  10 orc warriors
  A black bear (D:3)
  3 ice beasts (IceCv)
  A swamp drake (Swamp:4)
  A necrophage (D:9)
  3 wolves (Lair:3)
  2 ogres
  8 bullfrogs
  A gnoll sergeant (D:9)
  Dowan (D:7)
  6 killer bees (Lair:3)
  A howler monkey (D:8)
  An electric eel (Lair:5)
  3 orc priests
  An orc wizard (Orc:2)
  6 worker ants (Lair:4)
  A gnoll (D:9)
  A white imp (Lair:2)
  An ooze (D:6)
  An orc (D:11)
  A hobgoblin (D:3)
  A goblin (Bailey)
  3 kobolds
  A briar patch (Swamp:3)
  A fungus (Lair:4)
168 creatures vanquished.

Vanquished Creatures (others)
  An ironheart preserver (Vaults:4)
  A hydra (Swamp:4)
  A swamp dragon (Swamp:4)
  A moth of wrath (Spider:4)
  A komodo dragon (Lair:5)
  A blink frog (Lair:2)
  A yak (Lair:6)
  A swamp drake (Swamp:4)
  An ogre (Vaults:4)
  A centaur (D:15)
  A briar patch (Swamp:3)
  A bush (Lair:4)
  15 fungi
  23 plants
  7 toadstools (D:6)
  A withered plant (D:9)
58 creatures vanquished.

Grand Total: 1708 creatures vanquished

Notes
Turn   | Place    | Note
-------+----------+-------------------------------------------
     0 | D:1      | Monsterracer the Demonspawn Fighter began the quest for the Orb.
     0 | D:1      | Reached XP level 1. HP: 18/18 MP: 1/1
   154 | D:1      | Gained mutation: When seriously injured, your bleeding wounds create armour. (AC +9) [demonic ancestry]
   154 | D:1      | Reached XP level 2. HP: 24/24 MP: 2/2
   770 | D:1      | Reached XP level 3. HP: 29/29 MP: 3/3
  1308 | D:2      | Noticed Natasha
  1316 | D:2      | Killed Natasha
  1316 | D:2      | Reached XP level 4. HP: 23/35 MP: 4/4
  1335 | D:2      | Noticed Natasha
  1341 | D:2      | Killed Natasha
  1544 | D:2      | Noticed Natasha
  1551 | D:2      | Killed Natasha
  1579 | D:2      | Gained mutation: A weak demonic guardian rushes to your aid. [demonic ancestry]
  1579 | D:2      | Reached XP level 5. HP: 38/41 MP: 5/5
  1644 | D:3      | Noticed a black bear
  1649 | D:3      | Killed a black bear
  1652 | D:3      | Reached skill level 1 in Dodging
  1697 | D:3      | Noticed Agrougrou's ghost (amateur BaFi)
  1712 | D:3      | Killed Agrougrou's ghost
  1712 | D:3      | Reached skill level 5 in Axes
  1712 | D:3      | Reached XP level 6. HP: 32/47 MP: 6/6
  2011 | D:3      | Found a bloodstained altar of Trog.
  2044 | D:3      | Found a sparkling altar of Nemelex Xobeh.
  2062 | D:3      | Found a basalt altar of Yredelemnul.
  2120 | D:3      | Found a hazy altar of Hepliaklqana.
  2234 | D:3      | Found a glowing golden altar of the Shining One.
  2235 | D:3      | Found an iron altar of Okawaru.
  2326 | D:4      | Noticed Ijyb
  2331 | D:4      | Killed Ijyb
  2544 | D:4      | Found a staircase to the Ecumenical Temple.
  2558 | Temple   | Entered the Ecumenical Temple
  2749 | Temple   | Became a worshipper of Qazlal Stormbringer
  2870 | D:4      | Found a burning altar of Makhleb.
  2943 | D:4      | HP: 24/48 [worker ant (2)]
  3093 | D:4      | Noticed Blork the orc
  3093 | D:4      | Noticed a slave
  3093 | D:4      | Noticed a slave
  3093 | D:4      | Noticed a slave
  3094 | D:4      | Noticed Pikel
  3094 | D:4      | Noticed a slave
  3106 | D:4      | HP: 24/48 [Blork the orc/puff of flame (10)]
  3273 | D:4      | HP: 19/48 [something (6)]
  3274 | D:4      | Killed a slave
  3274 | D:4      | HP: 3/48 [something (9)]
  3665 | D:4      | Reached XP level 7. HP: 42/53 MP: 7/7
  3752 | D:4      | Noticed Menkaure
  3755 | D:4      | HP: 25/53 [Menkaure (15)]
  3760 | D:4      | Killed Menkaure
  3760 | D:4      | Reached skill level 1 in Invocations
  4210 | D:4      | Found a radiant altar of Vehumet.
  4281 | Temple   | HP: 25/53 [Pikel/whip of freezing (5)]
  4290 | Temple   | Killed Pikel
  4290 | Temple   | Reached skill level 2 in Invocations
  4290 | Temple   | Gained mutation: You are partially covered in sharp spines. [demonic ancestry]
  4290 | Temple   | Reached XP level 8. HP: 30/61 MP: 8/10
  4552 | D:4      | Killed Blork the orc
  4552 | D:4      | Reached skill level 3 in Invocations
  4708 | D:5      | Entered Level 5 of the Dungeon
  4812 | D:5      | Got a scorched chain mail
  5090 | D:5      | Identified the +4 chain mail "Neokoo" {-Cast rPois Int+3} (You found it on level 5 of the Dungeon)
  5317 | D:5      | Reached * piety under Qazlal
  5867 | D:6      | Noticed a two-headed ogre
  5876 | D:6      | Reached skill level 4 in Invocations
  5879 | D:6      | HP: 18/61 [two-headed ogre/giant spiked club (14)]
  5882 | D:6      | Killed a two-headed ogre
  5882 | D:6      | Reached skill level 5 in Fighting
  5882 | D:6      | Gained mutation: You have a pair of small antennae on your head. [demonic ancestry]
  5882 | D:6      | Reached XP level 9. HP: 20/68 MP: 12/12
  6246 | D:6      | Noticed MTVSty1e's ghost (novice DrFE)
  6255 | D:6      | HP: 30/68 [MTVSty1e's ghost/flame tongue (11)]
  6264 | D:6      | HP: 16/68 [MTVSty1e's ghost/flame tongue (16)]
  6270 | D:6      | Killed MTVSty1e's ghost
  6270 | D:6      | Reached skill level 5 in Armour
  6270 | D:6      | Reached skill level 5 in Shields
  6270 | D:6      | Reached skill level 5 in Invocations
  6878 | D:6      | Found an ornate altar of the Wu Jian Council.
  7261 | D:6      | HP: 33/69 [large slime creature (9)]
  7334 | D:6      | Reached skill level 6 in Invocations
  7516 | D:6      | Reached ** piety under Qazlal
  7694 | D:7      | Found Sasoaxoh's General Store.
  7702 | D:7      | Bought a scroll of blinking for 90 gold pieces
  7776 | D:7      | Reached XP level 10. HP: 76/76 MP: 14/14
  8043 | D:7      | Noticed Duvessa
  8043 | D:7      | Noticed Dowan
  8051 | D:7      | Killed Duvessa
  8053 | D:7      | Killed Dowan
  8351 | D:8      | Noticed Grum
  8365 | D:8      | Killed Grum
  8398 | D:8      | Reached skill level 7 in Invocations
  8527 | D:8      | Reached *** piety under Qazlal
  9579 | D:9      | Got a dull robe
  9650 | D:9      | Found Cepeis's Jewellery Emporium.
  9653 | D:9      | Noticed a two-headed ogre
  9663 | D:9      | Killed a two-headed ogre
  9831 | D:9      | Reached **** piety under Qazlal
  9854 | D:9      | Reached skill level 8 in Invocations
  9856 | D:9      | Gained mutation: A demonic guardian rushes to your aid. [demonic ancestry]
  9856 | D:9      | Reached XP level 11. HP: 62/83 MP: 11/17
 10164 | D:9      | Reached skill level 10 in Axes
 10746 | D:9      | Found a white marble altar of Elyvilon.
 10877 | D:10     | Entered Level 10 of the Dungeon
 11047 | D:10     | Noticed asthiss's ghost (novice MiFi)
 11058 | D:10     | Killed asthiss's ghost
 11134 | D:10     | Reached skill level 9 in Invocations
 11543 | D:10     | Reached ***** piety under Qazlal
 11742 | D:10     | Found a staircase to the Lair.
 12038 | Lair:1   | Entered Level 1 of the Lair of Beasts
 12075 | Lair:1   | HP: 42/85 [poisoned by a spiny frog]
 12082 | Lair:1   | HP: 41/85 [poisoned by a spiny frog]
 12089 | Lair:1   | HP: 41/85 [poisoned by a spiny frog]
 12097 | Lair:1   | HP: 41/85 [poisoned by a spiny frog]
 12816 | Lair:1   | Noticed a five-headed hydra
 12819 | Lair:1   | HP: 43/86 [four-headed hydra (12)]
 12822 | Lair:1   | Killed a two-headed hydra
 12822 | Lair:1   | Reached XP level 12. HP: 42/93 MP: 19/19
 13421 | Lair:2   | Reached skill level 10 in Invocations
 13514 | Lair:2   | Found a frozen archway.
 13536 | Lair:2   | HP: 33/93 [/a scroll of torment (30)]
 13786 | IceCv    | Entered an ice cave
 13787 | IceCv    | Found a transporter.
 14607 | Lair:3   | Noticed Rupert
 14612 | Lair:3   | Killed Rupert
 14629 | Lair:3   | Noticed a five-headed hydra
 14639 | Lair:3   | Killed a one-headed hydra
 14863 | Lair:3   | Reached ****** piety under Qazlal
 15016 | Lair:3   | Reached skill level 11 in Invocations
 15056 | Lair:3   | Gained mutation: When seriously injured, your bleeding wounds create thick armour. (AC +9) [demonic ancestry]
 15056 | Lair:3   | Reached XP level 13. HP: 100/100 MP: 21/21
 15371 | Lair:3   | Found a hole to the Spider Nest.
 15586 | Lair:3   | Identified a scroll of acquirement
 15589 | Lair:3   | Got an ivory broad axe
 15590 | Lair:3   | Identified the +6 broad axe of Rimmiuv {chaos, rElec Int+2} (You acquired it on level 3 of the Lair of Beasts)
 15970 | Lair:4   | Found a staircase to the Swamp.
 15975 | Lair:4   | Noticed Josephine
 15982 | Lair:4   | Killed Josephine
 15984 | Lair:4   | HP: 42/101 [wraith[Josephine] (10)]
 16387 | Lair:4   | Noticed an entropy weaver
 16422 | Lair:4   | Noticed an ettin
 16422 | Lair:4   | an entropy weaver changed into an ettin
 16426 | Lair:4   | HP: 46/102 [ettin (15)]
 16427 | Lair:4   | Killed an ettin
 16432 | Lair:4   | HP: 43/102 [soldier ant (5)]
 16434 | Lair:4   | Noticed an entropy weaver
 16439 | Lair:4   | HP: 43/102 [entropy weaver (2)]
 16445 | Lair:4   | HP: 43/102 [entropy weaver (1)]
 16447 | Lair:4   | Killed an entropy weaver
 16547 | Lair:4   | Reached skill level 10 in Fighting
 17851 | Lair:5   | Reached skill level 12 in Invocations
 17954 | Lair:5   | Found a staircase to the Slime Pits.
 17955 | Lair:5   | Found a viscous altar of Jiyva.
 18018 | Lair:5   | Got a brightly glowing robe
 18359 | Lair:6   | Entered Level 6 of the Lair of Beasts
 18410 | Lair:6   | Gained mutation: You have a pair of antennae on your head. [demonic ancestry]
 18410 | Lair:6   | Reached XP level 14. HP: 96/110 MP: 23/23
 18424 | Lair:6   | HP: 55/110 [poisoned by a spiny frog]
 18429 | Lair:6   | HP: 49/110 [poisoned by a spiny frog]
 18434 | Lair:6   | HP: 46/110 [poisoned by a spiny frog]
 18439 | Lair:6   | HP: 41/110 [poisoned by a spiny frog]
 18445 | Lair:6   | HP: 40/110 [poisoned by a spiny frog]
 18451 | Lair:6   | HP: 39/110 [poisoned by a spiny frog]
 18458 | Lair:6   | HP: 39/110 [poisoned by a spiny frog]
 18515 | Lair:6   | HP: 40/110 [spiny frog (14)]
 18733 | Lair:6   | HP: 51/110 [tyrant leech (22)]
 18740 | Lair:6   | HP: 40/110 [tyrant leech (3)]
 18748 | Lair:6   | HP: 29/110 [tyrant leech (13)]
 18763 | Lair:6   | HP: 25/110 [tyrant leech (8)]
 19317 | Lair:6   | Found a radiant altar of Vehumet.
 19558 | Lair:6   | Got a warped pewter ring
 19560 | Lair:6   | Identified the ring of Itsubrall {Fire Str+6} (You found it on level 6 of the Lair of Beasts)
 20082 | D:11     | Found a flagged portal.
 20083 | D:11     | Got a dazzling rapier {holy}
 20095 | Bailey   | Entered a bailey
 20158 | Bailey   | Found an iron altar of Okawaru.
 20656 | D:11     | Identified the +2 plate armour "Bucano Syrchi" {MR+} (You acquired it on level 11 of the Dungeon)
 20668 | D:11     | HP: 53/110 [orc priest/divine providence (15)]
 21013 | D:11     | Found a stormy altar of Qazlal.
 21211 | D:11     | HP: 54/110 [ice devil[a kobold demonologist] (22)]
 21225 | D:11     | HP: 47/110 [soul eater[a kobold demonologist] (11)]
 21551 | D:11     | Found a staircase to the Orcish Mines.
 21609 | Orc:1    | Entered Level 1 of the Orcish Mines
 21820 | Orc:2    | Entered Level 2 of the Orcish Mines
 21831 | Orc:2    | Reached skill level 10 in Shields
 21838 | Orc:2    | Noticed a stone giant
 21841 | Orc:2    | Reached skill level 10 in Armour
 21841 | Orc:2    | HP: 53/110 [stone giant/large rock (27)]
 22052 | Orc:2    | Killed a stone giant
 22107 | Orc:2    | Noticed Saint Roka
 22121 | Orc:2    | HP: 50/112 [Saint Roka/enchanted bardiche (34)]
 22126 | Orc:2    | Killed Saint Roka
 22126 | Orc:2    | Reached skill level 13 in Invocations
 22132 | Orc:2    | HP: 15/112 [orc priest/divine providence[Saint Roka] (16)]
 22520 | Orc:2    | Found a staircase to the Elven Halls.
 22802 | Orc:2    | HP: 54/112 [orc knight/great mace (12)]
 23162 | Orc:2    | Found Ryschylid's Jewellery Shop.
 23162 | Orc:2    | Found Dyos's Magic Scroll Shoppe.
 23167 | Orc:2    | Found Baacizu's Weapon Shoppe.
 23167 | Orc:2    | Found Paohetiu's General Store.
 23175 | Orc:2    | Bought a +2 broad axe of flaming for 249 gold pieces
 23185 | Orc:2    | Bought a scroll of enchant weapon for 97 gold pieces
 23390 | Orc:1    | HP: 54/112 [orc sorcerer/bolt of fire (32)]
 23395 | Orc:1    | HP: 37/112 [orc knight/vampiric long sword (6)]
 24013 | D:12     | Noticed Frances
 24015 | D:12     | Noticed Erolcha
 24032 | D:12     | Killed Frances
 24038 | D:12     | Killed Erolcha
 24038 | D:12     | Gained mutation: You have a pair of large antennae on your head. (SInv) [demonic ancestry]
 24038 | D:12     | Reached XP level 15. HP: 118/118 MP: 25/25
 25555 | D:13     | Found a shimmering altar of Xom.
 25931 | D:14     | Reached skill level 14 in Invocations
 26035 | D:14     | HP: 50/119 [efreet/scimitar of flaming (15)]
 26041 | D:14     | HP: 28/119 [two-headed ogre/giant club (19)]
 26104 | D:14     | HP: 43/119 [two-headed ogre/giant spiked club (2)]
 26439 | D:14     | Found a gate to the Vaults.
 26683 | D:14     | Found a shattered altar of Ashenzari.
 26830 | D:15     | Entered Level 15 of the Dungeon
 26836 | D:15     | HP: 59/119 [fire dragon/blast of flame (32)]
 26961 | D:15     | Found a glowing golden altar of the Shining One.
 26967 | D:15     | Noticed Harold
 26974 | D:15     | Killed Harold
 27003 | D:15     | HP: 53/119 [wolf spider (17)]
 27004 | D:15     | Reached skill level 15 in Axes
 27365 | D:15     | Found Caaciale's Serpentskin Sales.
 27455 | D:15     | Found a staircase to the Depths.
 27457 | D:15     | Noticed a fire giant
 27469 | D:15     | Killed a fire giant
 28043 | D:9      | Bought a +5 ring of slaying for 1705 gold pieces
 28173 | Swamp:1  | Entered Level 1 of the Swamp
 28216 | Swamp:1  | Reached skill level 15 in Invocations
 28953 | Swamp:1  | Got a wavering jade ring
 29000 | Swamp:1  | Identified the ring "Nosomait" {+Fly Str+3 Dex+2 Stlth-} (You found it on level 1 of the Swamp)
 29050 | Swamp:2  | Noticed a thorn hunter
 29064 | Swamp:2  | Killed a thorn hunter
 29085 | Swamp:2  | Gained mutation: You are robust. (+10% HP) [demonic ancestry]
 29085 | Swamp:2  | Reached XP level 16. HP: 67/138 MP: 27/27
 29091 | Swamp:2  | HP: 68/138 [bog body (1)]
 29102 | Swamp:2  | HP: 50/138 [hornet[a shambling mangrove] (9)]
 29976 | Swamp:2  | You fall through a shaft!
 30127 | Swamp:3  | Noticed a thorn hunter
 30145 | Swamp:3  | Killed a thorn hunter
 30235 | Swamp:3  | HP: 69/138 [tyrant leech (15)]
 31178 | Swamp:4  | Entered Level 4 of the Swamp
 31232 | Swamp:4  | Noticed Mara
 31233 | Swamp:4  | Noticed Monsterracer's illusion
 31242 | Swamp:4  | HP: 58/139 [Monsterracer's illusion[Mara] (19)]
 31275 | Swamp:4  | Noticed Aizul
 31279 | Swamp:4  | HP: 36/139 [Aizul/bolt of poison (6)]
 31283 | Swamp:4  | Killed Aizul
 31690 | Swamp:4  | Reached skill level 16 in Invocations
 32146 | Swamp:4  | Noticed the 27-headed Lernaean hydra
 32153 | Swamp:4  | Killed the 24-headed Lernaean hydra
 32290 | Swamp:4  | Noticed Roxanne
 32315 | Swamp:4  | Killed Roxanne
 32316 | Swamp:4  | Identified Roxanne's Handbook of Stones (You took it off Roxanne on level 4 of the Swamp)
 32552 | Swamp:4  | Got a decaying rune of Zot
 32712 | Swamp:4  | Noticed Monsterracer's illusion
 32731 | Swamp:4  | HP: 66/140 [Mara/vampiric demon trident (9)]
 32734 | Swamp:4  | Noticed Monsterracer's illusion
 32735 | Swamp:4  | Killed Mara
 33587 | Spider:1 | Entered Level 1 of the Spider Nest
 33750 | Spider:1 | Gained mutation: You are very robust. (+20% HP) [demonic ancestry]
 33750 | Spider:1 | Reached XP level 17. HP: 124/161 MP: 29/29
 33873 | Spider:1 | You fall through a shaft!
 33880 | Spider:2 | Noticed Arachne
 33904 | Spider:2 | Killed Arachne
 33904 | Spider:2 | Reached skill level 17 in Invocations
 35136 | Spider:2 | Got a dazzling rapier
 35289 | Spider:3 | Noticed happinesssam's ghost (adept VSMo)
 35302 | Spider:3 | Killed happinesssam's ghost
 36537 | Spider:4 | Entered Level 4 of the Spider Nest
 36564 | Spider:4 | HP: 81/163 [spark wasp (14)]
 36570 | Spider:4 | HP: 42/163 [spark wasp (3)]
 36575 | Spider:3 | HP: 24/164 [spark wasp/living lightning (1)]
 37016 | Spider:4 | Reached skill level 18 in Invocations
 37411 | Spider:4 | Got a gossamer rune of Zot
 37813 | Spider:1 | Got a transparent quarterstaff
 37930 | Spider:1 | Gained mutation: You are mostly covered in sharp spines. [demonic ancestry]
 37930 | Spider:1 | Reached XP level 18. HP: 163/172 MP: 31/31
 38005 | Spider:1 | Noticed Nikola
 38018 | Spider:1 | Killed Nikola
 39035 | Vaults:1 | Entered Level 1 of the Vaults
 39401 | Vaults:1 | Found Emugg's Armour Shoppe.
 39602 | Vaults:1 | HP: 86/174 [orc knight/halberd (21)]
 39616 | Vaults:1 | Reached skill level 19 in Invocations
 39786 | Vaults:1 | Got an ichor-stained arbalest
 40652 | Vaults:2 | Found Poekh's Magic Scroll Shop.
 40726 | Vaults:2 | Bought a scroll of teleportation for 36 gold pieces
 40750 | Vaults:2 | HP: 85/174 [deep elf death mage/bolt of negative energy (30)]
 40890 | Vaults:2 | Found a staircase to the Crypt.
 41311 | Vaults:2 | HP: 86/174 [ettin/dire flail (12)]
 41524 | Vaults:2 | Got a steaming leather armour
 41525 | Vaults:2 | Identified the +1 leather armour of Mysticism {+Fly rPois} (You found it on level 2 of the Vaults)
 42359 | Vaults:3 | Found Xeucw's Gadget Shoppe.
 42376 | Vaults:3 | Gained mutation: You are completely covered in sharp spines. [demonic ancestry]
 42376 | Vaults:3 | Reached XP level 19. HP: 182/182 MP: 32/32
 42390 | Vaults:3 | Reached skill level 5 in Dodging
 42403 | Vaults:3 | Found Kam Tesh's General Store.
 42405 | Vaults:3 | HP: 91/182 [deep elf archer/uncursed dagger[an ironheart preserver] (10)]
 42589 | Vaults:3 | Bought a scroll of teleportation for 39 gold pieces
 42589 | Vaults:3 | Bought a potion of resistance for 130 gold pieces
 42634 | Vaults:3 | Found Ragiuttite's Armour Shoppe.
 42690 | Vaults:3 | Found Cusch's Distillery.
 42698 | Vaults:3 | Bought a potion of heal wounds for 90 gold pieces
 42698 | Vaults:3 | Bought a potion of heal wounds for 90 gold pieces
 42713 | Vaults:3 | Reached skill level 20 in Invocations
 42963 | Vaults:3 | Found a ruined gateway.
 42971 | Desolati | Entered the Desolation of Salt
 43049 | Vaults:3 | Found Hinaesh's Magic Scroll Boutique.
 43054 | Vaults:3 | Bought a scroll of teleportation for 51 gold pieces
 43054 | Vaults:3 | Bought a scroll of teleportation for 51 gold pieces
 43571 | Vaults:4 | HP: 87/183 [frost giant/bolt of cold (45)]
 43581 | Vaults:4 | HP: 61/183 [two-headed ogre/giant club[an ironheart preserver] (16)]
 44230 | Vaults:4 | Reached XP level 20. HP: 193/193 MP: 34/34
 44372 | Vaults:4 | Reached skill level 15 in Fighting
 44576 | Vaults:4 | Reached skill level 21 in Invocations
 45042 | Depths:1 | Entered Level 1 of the Depths
 45113 | Depths:1 | HP: 96/194 [white very ugly thing (16)]
 45113 | Depths:1 | HP: 38/194 [white very ugly thing (23)]
 45136 | Depths:1 | HP: 43/195 [ettin/dire flail (18)]
 45141 | Depths:1 | HP: 21/195 [vampire mage/vampiric draining (23)]
 45141 | Depths:1 | HP: 4/195 [stone giant/large rock (17)]
 45142 | Depths:1 | Killed from afar by a vampire mage

Skill      XL: |  1  2  3  4  5  6  7  8  9 10 11 12 13 14 15 16 17 18 19 20 |
---------------+-------------------------------------------------------------+-----
Axes           | 2 3 4 5 6 7 8 9 11 12 13 14 15 16 17 18 | 18.0
Dodging        | 1 2 4 6 |  6.9
Armour         | 3 4 5 6 7 8 9 10 11 12 13 | 13.7
Shields        | 3 4 5 6 7 8 9 10 11 12 13 | 13.8
Invocations    | 2 4 6 8 9 11 12 13 15 16 18 19 20 21 | 21.3
Fighting       | 4 5 6 7 8 9 10 11 12 13 14 15 | 15.4

Action                   |  1- 3 |  4- 6 |  7- 9 | 10-12 | 13-15 | 16-18 | 19-21 || total
-------------------------+-------+-------+-------+-------+-------+-------+-------++-------
Melee: War axe           |   102 |   129 |   228 |   761 |    40 |       |       ||  1260
       Broad axe         |       |       |       |       |  1030 |  1216 |   365 ||  2611
Invok: Upheaval          |       |       |       |     1 |       |     3 |     1 ||     5
       Disaster Area     |       |       |       |       |     4 |     2 |     4 ||    10
Evoke: Wand              |       |       |       |       |     4 |     2 |       ||     6
  Use: Scroll            |     4 |     5 |     8 |     9 |    22 |     8 |     1 ||    57
       Potion            |       |       |       |       |       |     3 |       ||     3
 Stab: Distracted        |       |     1 |     4 |     3 |     5 |     8 |     1 ||    22
       Petrified         |       |       |       |       |     5 |       |       ||     5
       Petrifying        |       |       |       |       |     2 |       |       ||     2
       Paralysed         |       |       |       |       |     3 |       |       ||     3
  Eat: Chunk             |     1 |     7 |     9 |    25 |    46 |    22 |     7 ||   117
       Ration            |       |       |     1 |     1 |     1 |     6 |       ||     9
Armor: Scale mail        |    50 |       |       |       |       |       |       ||    50
       Chain mail        |    31 |       |    66 |   296 |   275 |   390 |    62 ||  1120
       Ring mail         |     4 |    45 |    20 |       |       |       |       ||    69
Dodge: Dodged            |    30 |    45 |    63 |   124 |   201 |   326 |    44 ||   833
       Deflected         |       |       |       |     5 |    15 |    10 |    10 ||    40
Block: Shield            |    70 |    69 |    99 |   563 |   822 |   877 |       ||  2500
       Large shield      |       |       |       |       |       |   310 |   340 ||   650

Vault maps used:
D:1:      dpeg_arrival_morbid_curiosity, minmay_misc_feat_iff
D:2:      uniq_natasha
D:3:      nicolae_overflow_quartered_altars, minitemple
D:4:      overflow_temple_1_default, minmay_temple_entry_glass, first_ration,
          makhleb_blood_cavern_becter, uniq_menkaure, uniq_blork_the_orc,
          uniq_pikel, uniq_ijyb
D:5:      minmay_misc_feat_room, kennysheep_diamond
D:6:      cheibrodos_fertilizer, overflow_temple_1_default
D:7:      serial_shops, shop, uniq_duvessa
D:8:      uniq_erica, uniq_grum
D:9:      overflow_temple_1_default, serial_shops, nicolae_shop_behind_doors,
          serial_undead, serial_undead_a, serial_undead_e, serial_undead_f,
          serial_undead_d, serial_undead_f, serial_undead_c, serial_undead_d,
          the_bakery
D:10:     minmay_lair_entry_grove
D:11:     erik_orc_2, enter_bailey_3, grunt_qazlal_clouds
D:12:     minmay_misc_feat_roman, uniq_frances, uniq_erolcha, uniq_harold
D:13:     basic_altar, minivault_4
D:14:     lightli_vaults_fourway_checkpoint, lemuel_tele_altar,
          minmay_tree_intersection, kennysheep_generic_room_8
D:15:     grunt_enter_depths_giant_problem, basic_altar,
          minmay_misc_feat_secret_circle, guppyfry_shop_venom
Temple:   nicolae_temple_figure_eight
Lair:1:   cheibrodos_lair_caveside_slide
Lair:2:   portal_ice_cave_entry_imps
Lair:3:   regret_index_tunnel_blossom, dummy_spider_entry, lemuel_fruit_tree,
          uniq_rupert
Lair:4:   swamp_mist_pool, eino_small_chamber_without_monster,
          minmay_another_anthill, uniq_josephine
Lair:5:   slime_altar_1, infiniplex_staircase_pool, grunt_megastairs_1,
          serial_bayou_shore_a, serial_bayou_shore_b
Lair:6:   minmay_lair_end_frog_pond, basic_altar
Swamp:1:  evilmike_swamp_ruin_house_6
Swamp:2:  evilmike_swamp_ruin_house_5, swamp_pool1
Swamp:3:  evilmike_swamp_ruin_rubble_1, infiniplex_staircase_pool_2
Swamp:4:  swamp_old_school, uniq_mara, uniq_aizul, uniq_roxanne
Spider:1: uniq_nikola
Spider:2: einodemon_crawler_minivault, uniq_arachne
Spider:4: grunt_spider_rune_circles
Orc:2:    grunt_orc_tribal_feast, sword_in_stone, uniq_saint_roka
Vaults:1: grunt_vaults_twisty, v_misc_17, hangedman_vaults_pinch,
          vaults_dpeg_ring, nicolae_vaults_little_ls,
          nicolae_vaults_little_squares_6, v_rooms_6,
          nicolae_vaults_hallways_thing, nicolae_vaults_yaktaur_gun_rack,
          vaults_mumra_hexcomb, ontoclasm_vaults_decontamination, v_misc_25,
          hangedman_vaults_capsules, serial_shops, nicolae_shop_waterfront
Vaults:2: v_pattern_3, v_misc_10, nicolae_vaults_network_periphery, v_misc_1,
          minmay_crypt_entry_simple_plaza, ontoclasm_vaults_idyll,
          vaults_dpeg_hooks, v_alt_pattern_6, v_misc_22, ontoclasm_vaults_idyll,
          nicolae_vaults_shelves_hall, vaults_room_hangedman_quadrants,
          serial_shops, nicolae_shop_statue_plus
Vaults:3: nicolae_vaults_holding_cells, ontoclasm_vaults_shuriken,
          vaults_mumra_minichess_inversion, v_misc_19, v_misc_1,
          vaults_room_semicircle, v_rooms_2, ontoclasm_vaults_loading_screen,
          v_misc_2, ontoclasm_vaults_loading_screen,
          portal_desolation_entry_salt, serial_shops, shop,
          nicolae_shop_waterfront, shop, shop, shop
Vaults:4: grunt_vaults_hallway_long, nicolae_vaults_halls_meeting,
          grunt_vaults_hallway_long, vaults_standard_mumra_enter_the_diamond,
          ontoclasm_vaults_ring_square, vaults_room_stairs_pillars,
          grunt_vaults_funnel, v_misc_9, vaults_room_fours,
          vaults_room_door_ring
Depths:1: pf_coc_iceberg, kennysheep_crisscross, doesnt_xom_only_xom
Bailey:   bailey_axe_of_yendor_kennysheep, bailey
IceCv:    ice_cave_statue_garden_teleport
